 Dungeon Crawl Stone Soup version 0.19.0-19-g8c6edcc (webtiles) character file.

1261 Jannitor the Ruffian (level 8, -3/79 HPs)
             Began as a Troll Monk on Nov 14, 2016.
             Slain by an ogre
             ... wielding a +0 giant club
              (21 damage)
             ... on level 5 of the Dungeon.
             The game lasted 00:07:47 (4277 turns).

Jannitor the Ruffian (Troll Monk)                   Turns: 4277, Time: 00:07:47

Health: -3/79      AC:  8    Str: 20    XL:     8   Next: 27%
Magic:  7/7        EV: 12    Int: 11    God:
Gold:   287        SH:  0    Dex: 14    Spells: 0 memorised, 7 levels left

rFire  . . .     SeeInvis .       - Unarmed
rCold  . . .     Gourm    +     e - +2 robe {MR+}
rNeg   . . .     Faith    .     (no shield)
rPois  .         Spirit   .     (helmet restricted)
rElec  .         Reflect  .     s - +0 cloak
rCorr  .         Harm     .     (gloves unavailable)
MR     +....                    (boots unavailable)
Stlth  ++........               (no amulet)
                                (no ring)
                                g - +5 ring of intelligence

@: no status effects
A: unfitting armour, claws 3, fast metabolism 3, gourmand, regeneration 1,
shaggy fur 1, tough skin 2
a: no special abilities


You were on level 5 of the Dungeon.
You were completely stuffed.

You visited 1 branch of the dungeon, and saw 6 of its levels.

You collected 287 gold pieces.

Inventory:

Armour
 a - a +0 robe
 e - a +2 robe of magic resistance (worn)
 s - a +0 cloak (worn)
Jewellery
 g - a +5 ring of intelligence (left claw)
 x - an uncursed ring of fire {unknown}
Wands
 u - a wand of lightning (10/15)
Scrolls
 c - 6 scrolls of identify {unknown}
 d - 2 scrolls of magic mapping {unknown}
 i - a scroll of blinking {unknown}
 j - 2 scrolls of enchant armour {unknown}
 k - 3 scrolls of teleportation {unknown}
 n - 2 scrolls of random uselessness {unknown}
 v - a scroll of recharging {unknown}
 y - a scroll of remove curse {unknown}
 z - a scroll of immolation {unknown}
Potions
 f - a potion of resistance {unknown}
 h - 4 potions of curing
 l - a potion of mutation {unknown}
 o - 2 potions of heal wounds
 p - a potion of lignification {unknown}
 r - a potion of invisibility {unknown}
 t - a potion of might {unknown}
 w - a potion of magic {unknown}
Comestibles
 b - 5 bread rations
 m - 3 fruits
 q - 3 meat rations
 A - 4 chunks of flesh


   Skills:
 + Level 4.6 Fighting
 + Level 5.0 Dodging
 - Level 1.0 Stealth
 * Level 7.7 Unarmed Combat


You had 7 spell levels left.
You didn't know any spells.

Dungeon Overview and Level Annotations

Branches:
Dungeon (6/15)             Temple (0/1) D:6

Altars:
Dithmenos
Gozag
Hepliaklqana
Vehumet
Xom


Innate Abilities, Weirdness & Mutations

You are too large for most types of armour.
You have claws for hands.
Your metabolism is lightning-fast.
You like to eat raw meat.
Your natural rate of healing is unusually fast.
You are covered in fur. (AC +1)
You have very tough skin. (AC +2)


Message History

The orc priest invokes the aid of Beogh against you.
You resist with some effort.
The orc priest looks satisfied for a moment.
The orc barely misses you.
The orc priest mumbles some strange prayers to Beogh against you.
Beogh smites you!
The orc priest mumbles some strange prayers to Beogh against you.
Beogh smites you!
The orc priest mumbles some strange prayers to Beogh against you.
Beogh smites you!
The orc priest looks braver for a moment.
There is a stone staircase leading up here.
The ogre closely misses you.
The orc priest mumbles some strange prayers to Beogh against you.
Beogh smites you!
* * * LOW HITPOINT WARNING * * *
You climb upwards.
There is a stone staircase leading down here.
The ogre hits you with a giant club!!
You die...

######## #......#
#.####.# #.# #.# #.# #.#
#@####.###########
#>O............... #####
#.####.....####### #...#
#.................
#...############.#######
#........# #.......#
#...####.# #.......#
#...# #.# #.......#
#...# #.# #.......#


You could see an ogre.

Vanquished Creatures
  Sigmund (D:2)
  An ogre (D:4)
  The ghost of Schimscham the Conjurer, an amateur DECj of Sif Muna (D:3)
  A scorpion (D:4)
  2 crimson imps (D:5)
  A bullfrog zombie (D:5)
  An orc priest (D:4)
  A gnoll shaman (D:6)
  A bullfrog skeleton (D:4)
  2 hounds
  A centaur skeleton (D:4)
  An iguana (D:4)
  3 orc wizards
  8 worker ants
  A killer bee zombie (D:5)
  A hound skeleton (D:4)
  7 gnolls
  12 adders
  A shadow imp (D:5)
  An adder skeleton (D:5)
  3 worms
  2 dart slugs
  5 leopard geckos
  11 orcs
  A ball python (D:5)
  6 giant cockroaches
  6 hobgoblins
  7 jackals
  6 kobolds
  A quokka (D:4)
  4 bats
  3 frilled lizards
  A giant cockroach zombie (D:5)
  9 goblins
  A jackal skeleton (D:4)
  A leopard gecko zombie (D:5)
  A quokka skeleton (D:5)
  10 rats
126 creatures vanquished.

Notes
Turn   | Place    | Note
-------+----------+-------------------------------------------
     0 | D:1      | Jannitor the Troll Monk began the quest for the Orb.
     0 | D:1      | Reached XP level 1. HP: 22/22 MP: 0/0
    75 | D:1      | Reached XP level 2. HP: 29/29 MP: 1/1
   509 | D:2      | Reached XP level 3. HP: 36/36 MP: 2/2
   566 | D:2      | Noticed Sigmund
   586 | D:2      | Killed Sigmund
   586 | D:2      | Reached skill level 4 in Unarmed Combat
   586 | D:2      | Reached XP level 4. HP: 27/45 MP: 3/3
   586 | D:2      | Reached XP level 5. HP: 32/53 MP: 4/4
   796 | D:2      | Found a hazy altar of Hepliaklqana.
   828 | D:2      | Found a radiant altar of Vehumet.
   828 | D:2      | Found an opulent altar of Gozag.
   849 | D:2      | Found a shadowy altar of Dithmenos.
   881 | D:2      | Reached skill level 5 in Unarmed Combat
  1323 | D:3      | Noticed Schimscham's ghost (amateur DECj)
  1516 | D:3      | Reached XP level 6. HP: 35/61 MP: 5/5
  1523 | D:3      | Killed Schimscham's ghost
  1991 | D:3      | Found a faded altar of an unknown god.
  2285 | D:4      | Reached skill level 6 in Unarmed Combat
  2285 | D:4      | Reached XP level 7. HP: 33/68 MP: 6/6
  3062 | D:4      | Reached skill level 7 in Unarmed Combat
  3232 | D:5      | Entered Level 5 of the Dungeon
  3338 | D:5      | Reached XP level 8. HP: 79/79 MP: 7/7
  3531 | D:5      | Found a shimmering altar of Xom.
  4189 | D:6      | Reached skill level 5 in Dodging
  4226 | D:6      | Found a staircase to the Ecumenical Temple.
  4277 | D:5      | Slain by an ogre

Skill      XL: |  1  2  3  4  5  6  7  8 |
---------------+-------------------------+-----
Fighting       | 3 4 |  4.6
Dodging        | 3 4 5 |  5.0
Unarmed Combat | 4 5 6 7 |  7.7
Stealth        | |  1.0

Action                   |  1- 3 |  4- 6 |  7- 9 || total
-------------------------+-------+-------+-------++-------
Melee: Unarmed           |    75 |   157 |   147 ||   379
       Punch             |       |     4 |     6 ||    10
  Use: Potion            |     4 |       |       ||     4
 Stab: Sleeping          |     1 |     4 |     3 ||     8
  Eat: Chunk             |    11 |    15 |    14 ||    40
       Bread ration      |       |       |     1 ||     1
Armor: Robe              |    30 |    38 |    47 ||   115
Dodge: Dodged            |    35 |    77 |    71 ||   183
